 Dungeon Crawl Stone Soup version 0.21.1-1-g345015f (webtiles) character file.

726 kae the Insei (level 7, 0/57 HPs)
             Began as a Red Draconian Transmuter on June 6, 2018.
             Was a Follower of Okawaru.
             Slain by an orc warrior
             ... wielding a +0 flail
              (16 damage)
             ... on level 6 of the Dungeon.
             The game lasted 00:06:35 (8031 turns).

kae the Insei (Red Draconian Transmuter)            Turns: 8031, Time: 00:06:35

Health: 0/57       AC:  2    Str: 12    XL:     7   Next: 44%
Magic:  18/20      EV: 21    Int: 14    God:    Okawaru [*.....]
Gold:   263        SH:  0    Dex: 18    Spells: 6/12 levels left

rFire    . . .     SeeInvis .     - Unarmed
rCold    . . .     Gourm    .   (shield currently unavailable)
rNeg     . . .     Faith    .   (armour unavailable)
rPois    x         Spirit   .   (helmet currently unavailable)
rElec    .         Reflect  .   (cloak currently unavailable)
rCorr    .         Harm     .   (gloves currently unavailable)
MR       .....                  (boots currently unavailable)
Stlth    ++........             (no amulet)
HPRegen  0.19/turn              t - ring of magical power
MPRegen  0.17/turn              (no ring)

@: spider-form
A: tiny, (breathe fire), unfitting armour, AC +6
a: End Transformation, Heroism, Renounce Religion


You were on level 6 of the Dungeon.
You worshipped Okawaru.
Okawaru was aware of your devotion.
You were hungry.
You were a venomous arachnid creature.
You visited 1 branch of the dungeon, and saw 6 of its levels.

You collected 263 gold pieces.

Inventory:

Missiles
 a - 28 arrows
Jewellery
 n - an uncursed amulet of faith
 t - a ring of magical power (left front leg)
Wands
 p - a wand of random effects (31)
Scrolls
 e - 5 scrolls of teleportation
 f - a scroll of blinking
 h - a scroll of fear
 i - a scroll of magic mapping
Potions
 d - 2 potions of lignification
 g - a potion of haste
 j - a potion of cancellation
 k - 2 potions of brilliance
 l - a potion of might
 m - 2 potions of agility
 o - a potion of magic
 q - a potion of berserk rage {unknown}
 r - a potion of resistance
Books
 b - a book of Changes

   Spells                             Type                      Level
   a - Beastly Appendage              Transmutation                1
   b - Sticks to Snakes               Transmutation                2
   c - Spider Form                    Transmutation/Poison         3
   d - Ice Form                       Ice/Transmutation            4
   e - Blade Hands                    Transmutation                5
Comestibles
 c - 13 rations


   Skills:
 + Level 3.1 Fighting
 + Level 3.2 Dodging
 * Level 5.2 Unarmed Combat
 + Level 3.2 Spellcasting
 * Level 4.8 Transmutations
 + Level 1.8 Invocations


You had 6 spell levels left.
You knew the following spells:

 Your Spells              Type           Power        Failure   Level  Hunger
a - Beastly Appendage     Tmut           ###...       10%         1    #......
b - Sticks to Snakes      Tmut           ###.....     13%         2    ##.....
c - Spider Form           Tmut/Pois      #.........   45%         3    ###....


Dungeon Overview and Level Annotations

Branches:
Dungeon (6/15)
 Temple: D:4-7

Altars:
Ashenzari
Dithmenos
Elyvilon
Fedhas
Gozag
Nemelex Xobeh
Okawaru
Trog

Shops:
D:4 %[   D:6 (:([

Annotations:
D:3 emiel's ghost, amateur FoWn


Innate Abilities, Weirdness & Mutations

((You can breathe blasts of fire.))
((Your fiery red scales are hard. (AC +6)))
You cannot fit into any form of body armour.
((Your flesh is heat resistant. (rF+)))
((You are cold-blooded and may be slowed by cold attacks.))


Message History

The orc warrior is lightly wounded.
The orc completely misses you. The orc warrior hits you with a flail!
You barely miss the orc warrior.
The orc warrior is lightly wounded.
The orc hits you with a mace. The orc completely misses you.
You bite the orc warrior!
The orc warrior looks as sick as possible!
The orc warrior is heavily wounded.
The orc warrior hits you with a flail! The orc misses you.
You hit the orc warrior but do no damage.
The orc warrior looks as sick as possible!
The orc warrior is heavily wounded.
The orc misses you. The orc warrior barely misses you.
You hit the orc warrior but do no damage.
The orc warrior looks as sick as possible!
The orc warrior is heavily wounded.
The orc hits you. The orc hits you with a mace.
* * * LOW HITPOINT WARNING * * *
The orc warrior hits you with a flail!
You die...

#.####.###.##.#..,,,,**8,,,8*
#.....>#
#.#...#,******,,,,,**
....#### #.#.#.#,# *8,,,,,8*
.##.# #.#...#.# **,,,,,**
.#*.# #.......# *8,,,8* ##*.#
####.#### ***_*** #**,**# #)#
***** *,,,,.#
####.##########,,** *,,,..#
#......so......,** *,,...#
#.....oo###.###** *,....#
#.##.#..#**,,* #.....#
#.*#.#....**,* †#*****
#,*#.#..#..*,* .# *****
*,*#...##'...* .#**,,,*
*,,...##,*#..* ..,,,*,*
***#.#*,∩,*#.* .##*<,,*
*,,**,**,,*


You could see an orc warrior and 2 orcs.

Vanquished Creatures
  Edmund (D:6)
  An ogre (D:6)
  2 scorpions
  A howler monkey (D:6)
  3 orc priests
  4 worker ants
  2 gnolls (D:4)
  7 adders
  An ooze (D:2)
  3 worms
  2 leopard geckos (D:3)
  11 orcs
  3 ball pythons
  5 giant cockroaches
  14 goblins
  11 hobgoblins
  15 jackals
  4 quokkas
  8 bats
  3 frilled lizards
  5 kobolds
  A leopard gecko skeleton (D:4)
  6 rats
113 creatures vanquished.

Notes
Turn   | Place    | Note
-------+----------+-------------------------------------------
     0 | D:1      | kae the Draconian Transmuter began the quest for the Orb.
     0 | D:1      | Reached XP level 1. HP: 16/16 MP: 3/3
    58 | D:1      | Reached XP level 2. HP: 11/23 MP: 3/5
  1446 | D:2      | Reached XP level 3. HP: 28/28 MP: 6/6
  1496 | D:2      | Found a shattered altar of Ashenzari.
  1525 | D:2      | Found a shadowy altar of Dithmenos.
  1626 | D:2      | Found a blossoming altar of Fedhas.
  2512 | D:3      | Noticed emiel's ghost (amateur FoWn)
  2849 | D:3      | Reached XP level 4. HP: 22/35 MP: 7/7
  2863 | D:3      | Learned a level 2 spell: Sticks to Snakes
  2867 | D:3      | Learned a level 3 spell: Spider Form
  4625 | D:4      | Reached skill level 4 in Unarmed Combat
  4625 | D:4      | Reached XP level 5. HP: 23/41 MP: 8/8
  4851 | D:4      | Found a bloodstained altar of Trog.
  5224 | D:4      | Found a white marble altar of Elyvilon.
  5263 | D:4      | Found Vyseiji's Antique Armour Boutique.
  5352 | D:4      | Found an iron altar of Okawaru.
  5368 | D:4      | Reached XP level 6. HP: 9/49 MP: 5/10
  5405 | D:4      | Became a worshipper of Warmaster Okawaru
  5893 | D:4      | Found an opulent altar of Gozag.
  6187 | D:4      | Found Plog's Food Shoppe.
  6399 | D:5      | Entered Level 5 of the Dungeon
  7019 | D:5      | Reached skill level 1 in Invocations
  7242 | D:5      | Found a sparkling altar of Nemelex Xobeh.
  7669 | D:6      | Found Faud's Antique Armour Shoppe.
  7676 | D:6      | Noticed Edmund
  7703 | D:6      | Killed Edmund
  7703 | D:6      | Reached * piety under Okawaru
  7703 | D:6      | Your scales start taking on a fiery red colour.
  7703 | D:6      | Reached XP level 7. HP: 35/56 MP: 7/11
  7703 | D:6      | Gained mutation: Your flesh is heat resistant. (rF+) [Red Draconian growth]
  7713 | D:6      | Reached skill level 5 in Unarmed Combat
  7862 | D:6      | Found Riattana's Weapon Emporium.
  7948 | D:6      | Found Koryonav's Book Boutique.
  7959 | D:6      | Found Hylehy's Weapon Boutique.
  8031 | D:6      | Slain by an orc warrior

Skill      XL: |  1  2  3  4  5  6  7 |
---------------+----------------------+-----
Dodging        | 2 3 |  3.2
Transmutations | 3 4 |  4.8
Fighting       | 2 3 |  3.1
Unarmed Combat | 4 5 |  5.2
Spellcasting   | 3 |  3.2
Invocations    | 1 |  1.8

Action                   |  1- 3 |  4- 6 |  7- 9 || total
-------------------------+-------+-------+-------++-------
Melee: Unarmed           |   178 |   250 |    40 ||   468
       Headbutt          |     7 |     6 |       ||    13
       Kick              |    18 |     8 |       ||    26
       Tailslap          |     9 |    18 |     2 ||    29
       Punch             |     4 |     2 |     1 ||     7
 Cast: Beastly Appendage |    25 |    16 |       ||    41
       Spider Form       |       |    14 |     4 ||    18
       Sticks to Snakes  |       |     1 |       ||     1
  Use: Scroll            |     5 |    13 |     1 ||    19
       Potion            |       |     2 |       ||     2
 Stab: Sleeping          |     1 |       |       ||     1
  Eat: Chunk             |     6 |    10 |     2 ||    18
       Ration            |       |     2 |       ||     2
Armor: Skin              |    72 |    46 |     4 ||   122
Dodge: Dodged            |   125 |   220 |    32 ||   377
